 Dungeon Crawl Stone Soup version 0.20-a0-869-gcf33cab (webtiles) character file.

529 AlphabetPasta the Changer (level 7, 0/35 HPs)
             Began as a Spriggan Transmuter on Mar 12, 2017.
             Was an Initiate of Ru.
             Succumbed to a worker ant's poison
             ... on level 4 of the Dungeon on Mar 13, 2017.
             The game lasted 00:16:01 (5245 turns).

AlphabetPasta the Changer (Spriggan Transmuter)     Turns: 5245, Time: 00:16:02

Health: 0/35       AC:  2    Str:  8    XL:     7   Next: 3%
Magic:  10/14      EV: 20    Int: 19    God:    Ru [......]
Gold:   148        SH:  0    Dex: 17    Spells: 3/14 levels left

rFire    . . .     SeeInvis +     - Unarmed
rCold    . . .     Gourm    .   b - +0 robe
rNeg     . . .     Faith    .   (shield currently unavailable)
rPois    .         Spirit   .   (helmet restricted)
rElec    .         Reflect  .   (no cloak)
rCorr    .         Harm     .   (gloves unavailable)
MR       +....                  (boots unavailable)
Stlth    ++........             (no amulet)
Regen    0.2/turn               (no ring)
MPRegen  0.2/turn               (no ring)

@: brilliant, lethally poisoned (0 -> -2), blade hands, flying, very quick
A: unfitting armour, see invisible, herbivore 3, speed 3, slow metabolism 2
a: End Transformation, Renounce Religion


You were on level 4 of the Dungeon.
You worshipped Ru.
Ru was noncommittal.
You were not hungry.
You had blades for hands.
You visited 1 branch of the dungeon, and saw 4 of its levels.

You collected 148 gold pieces.

Inventory:

Missiles
 a - 29 arrows
Armour
 b - a +0 robe (worn)
Wands
 f - a wand of digging (0/24)
 j - a wand of iceblast (5/15)
Scrolls
 e - 3 scrolls of remove curse
 g - a scroll of teleportation
Potions
 n - a potion of might
Books
 c - a book of Changes

   Spells                             Type                      Level
   a - Beastly Appendage              Transmutation                1
   b - Sticks to Snakes               Transmutation                2
   c - Spider Form                    Transmutation/Poison         3
   d - Ice Form                       Ice/Transmutation            4
   e - Blade Hands                    Transmutation                5
Comestibles
 d - 3 bread rations
 i - 2 fruits


   Skills:
 + Level 2.2 Fighting
 + Level 4.8 Dodging
 * Level 4.0 Unarmed Combat
 + Level 4.3 Spellcasting
 * Level 5.5 Transmutations
 - Level 1.0 Poison Magic


You had 3 spell levels left.
You knew the following spells:

 Your Spells              Type           Power        Failure   Level  Hunger
a - Beastly Appendage     Tmut           #####.       2%          1    None
b - Sticks to Snakes      Tmut           #####...     2%          2    #......
c - Spider Form           Tmut/Pois      ####......   7%          3    ###....
d - Blade Hands           Tmut           #####.....   14%         5    ######.


Dungeon Overview and Level Annotations

Branches:
Dungeon (4/15)             Temple (0/1) D:4

Altars:
Gozag
Makhleb
Ru
Vehumet


Innate Abilities, Weirdness & Mutations

You are very small and have problems with some larger weapons.
You are too small for most types of armour.
You have supernaturally acute eyesight. (SInv)
You are a herbivore.
You cover ground extremely quickly.
You need consume almost no food.


Message History

Your horns disappear.
Your hands turn into razor-sharp scythe blades.
* * * LOW HITPOINT WARNING * * *
You feel sick.
* * * LOW HITPOINT WARNING * * *
You feel sick.
* * * LOW HITPOINT WARNING * * *
You feel sick.
* * * LOW HITPOINT WARNING * * *
You feel sick.
* * * LOW HITPOINT WARNING * * *
You feel sick.
Found 12 gold pieces.
* * * LOW HITPOINT WARNING * * *
You feel sick.
Found 19 arrows.
* * * LOW HITPOINT WARNING * * *
You feel sick.
You see here 19 arrows.
You die...

*,,* **,,⌠,>,⌠* *,*,,****
*,,*****,*,,,,,,******,,,,,,,,
*..,,,,,#*#,,⌠,,,,,,**,*,,****
*#.#****.#.,,,,,***,,,*,,>,,,,
#.# *#.#****** ****,*,*****
#.# #.# *,*,* #.# #.# *,*,*
#.######.######## *,*,***
#.......(...@...# *,*,,,*
#####........######.# *,***,*
......######## ****,*****,*
*,* ####..# *,,,,,,,,*,* *,*
#..# *,,,,,,*,*,* *,* #.$#
*,,,,,,,,,,***,* #..#
*,,,,,,*,,,,,,,* #..#
*,*,,,********** #..# **,*****


There were no monsters in sight!

Vanquished Creatures
  Sigmund (D:3)
  A bullfrog (D:3)
  A hound (D:3)
  Jessica (D:3)
  Natasha (thrice) (D:3)
  A worker ant (D:4)
  Robin (D:2)
  5 adders
  2 oozes
  4 worms
  2 dart slugs
  2 orcs (D:3)
  A giant cockroach (D:2)
  9 goblins
  14 hobgoblins
  3 jackals (D:2)
  3 quokkas
  A ball python (D:1)
  2 bats (D:2)
  3 frilled lizards
  9 kobolds
  6 rats
75 creatures vanquished.

Vanquished Creatures (others)
  A hobgoblin (D:3)
1 creature vanquished.

Grand Total: 76 creatures vanquished

Notes
Turn   | Place    | Note
-------+----------+-------------------------------------------
     0 | D:1      | AlphabetPasta the Spriggan Transmuter began the quest for the Orb.
     0 | D:1      | Reached XP level 1. HP: 9/9 MP: 5/5
   436 | D:1      | Reached skill level 1 in Fighting
   585 | D:1      | Reached XP level 2. HP: 1/14 MP: 4/6
   589 | D:1      | Learned a level 2 spell: Sticks to Snakes
  1162 | D:1      | Reached skill level 3 in Transmutations
  1671 | D:2      | Reached XP level 3. HP: 17/18 MP: 4/8
  1981 | D:2      | Learned a level 3 spell: Spider Form
  2192 | D:2      | Found a sacrificial altar of Ru.
  2205 | D:2      | Became a worshipper of Ru the Awakened
  2281 | D:2      | Noticed Robin
  2439 | D:2      | Killed Robin
  2439 | D:2      | Reached XP level 4. HP: 7/22 MP: 4/9
  3071 | D:3      | Noticed Jessica
  3081 | D:3      | Killed Jessica
  3093 | D:3      | HP: 1/22 [adder (5)]
  3099 | D:3      | Reached skill level 4 in Transmutations
  3151 | D:3      | Found a radiant altar of Vehumet.
  3170 | D:3      | Noticed Natasha
  3179 | D:3      | Killed Natasha
  3179 | D:3      | Reached XP level 5. HP: 12/26 MP: 9/11
  3283 | D:3      | Noticed Natasha
  3295 | D:3      | Killed Natasha
  3295 | D:3      | Reached skill level 1 in Poison Magic
  3502 | D:3      | Noticed Natasha
  3507 | D:3      | Killed Natasha
  4515 | D:3      | Reached XP level 6. HP: 26/30 MP: 12/12
  4639 | D:3      | Noticed Sigmund
  4659 | D:3      | Upgraded the game from 0.20-a0-866-gd9c272e to 0.20-a0-869-gcf33cab
  4661 | D:3      | Killed Sigmund
  4661 | D:3      | Reached skill level 5 in Transmutations
  4755 | D:3      | Found an opulent altar of Gozag.
  4815 | D:3      | Learned a level 5 spell: Blade Hands
  4818 | D:3      | Found a burning altar of Makhleb.
  5214 | D:4      | Reached XP level 7. HP: 8/35 MP: 12/14
  5233 | D:4      | HP: 1/35 [poisoned by a worker ant]
  5238 | D:4      | HP: 1/35 [poisoned by a worker ant]
  5245 | D:4      | Succumbed to a worker ant's poison

Vault maps used:
D:1:      minmay_arrival_loop, serial_forest, infiniplex_forest_corner_1,
          infiniplex_forest_clump_cross, infiniplex_forest_clump_tiny,
          infiniplex_forest_straight_2, infiniplex_forest_clump_cross,
          infiniplex_forest_clump_double, infiniplex_forest_straight_3,
          infiniplex_forest_side_room, infiniplex_forest_clump_diagonal,
          hangedman_decor_riveting
D:2:      old_standard_altar, minmay_tromino_v7, uniq_robin
D:3:      kennysheep_six_static_rooms, makhleb_blood_cavern_becter,
          lemuel_doored_altar, fiery_altar_vehumet, first_bread, uniq_jessica,
          uniq_natasha, uniq_sigmund
D:4:      temple_fountains

Skill      XL: |  1  2  3  4  5  6 |
---------------+-------------------+-----
Fighting       | 1 2 |  2.2
Transmutations | 3 4 5 |  5.5
Spellcasting   | 3 4 |  4.3
Unarmed Combat | 3 4 |  4.0
Poison Magic   | 1 |  1.0
Dodging        | 4 |  4.8

Action                   |  1- 3 |  4- 6 |  7- 9 || total
-------------------------+-------+-------+-------++-------
Melee: Unarmed           |   177 |   247 |       ||   424
       Kick              |    17 |    42 |       ||    59
       Headbutt          |    11 |    15 |       ||    26
       Punch             |     2 |     5 |       ||     7
 Cast: Beastly Appendage |    24 |    21 |       ||    45
       Sticks to Snakes  |     2 |       |       ||     2
       Spider Form       |       |     2 |       ||     2
       Blade Hands       |       |       |     1 ||     1
  Use: Scroll            |     4 |     2 |       ||     6
       Potion            |     2 |     1 |     2 ||     5
 Stab: Sleeping          |     3 |       |       ||     3
  Eat: Bread ration      |       |     1 |       ||     1
Armor: Robe              |    11 |    12 |       ||    23
Dodge: Dodged            |   114 |   182 |       ||   296
